 Dungeon Crawl Stone Soup version 0.27-a0-1116-g91b3acb402 (webtiles) character file.

Game seed: 10046629549177708245

13368 Alarak the Cleaver (level 12, -3/112 HPs)
             Began as a Hill Orc Monk on Apr 26, 2021.
             Was an Elder of Beogh.
             Slain by an eight-headed hydra (11 damage)
             ... on level 11 of the Dungeon on May 1, 2021.
             The game lasted 00:48:57 (14632 turns).

Alarak the Cleaver (Hill Orc Monk)                 Turns: 14632, Time: 00:48:58

Health: -3/112     AC: 21    Str: 19    XL:     12   Next: 5%
Magic:  12/12      EV:  7    Int: 10    God:    Beogh [****..]
Gold:   613        SH:  0    Dex: 13    Spells: 11/11 levels left

rFire    . . .     SeeInvis .   N - +3 quarterstaff (chaos)
rCold    . . .     Faith    .   (shield currently unavailable)
rNeg     . . .     Spirit   .   T - +0 plate armour
rPois    .         Reflect  .   c - +1 helmet
rElec    .         Harm     .   O - +0 cloak
rCorr    .         Rampage  .   W - +0 pair of gloves
Will     .....                  (no boots)
Stlth    ..........             s - amulet of the acrobat
HPRegen  0.28/turn              F - ring of flight
MPRegen  0.13/turn              (no ring)

@: about to teleport, flying, studying Long Blades
A: no striking features
a: Renounce Religion, Smiting, Recall Orcish Followers


You were on level 11 of the Dungeon.
You worshipped Beogh.
Beogh was greatly pleased with you.
You visited 1 branch of the dungeon, and saw 12 of its levels.
You also visited: Ossuary.

You collected 613 gold pieces.

Inventory:

Hand Weapons
 a - a +0 spectral hand axe
 d - a +0 short sword of speed
 r - a +3 dagger of venom
 y - the +12 glaive of Prune {vorpal}
   (You found it on level 4 of the Dungeon)

   It inflicts extra damage upon your enemies.
 N - a +3 quarterstaff of chaos (weapon)
 R - a +1 antimagic war axe
Missiles
 K - 16 curare-tipped darts (quivered)
Armour
 c - a +1 helmet (worn)
 j - a +0 plate armour
 o - a +0 kite shield
 p - a +0 buckler
 G - a +0 chain mail
 L - a +0 kite shield
 O - a +0 cloak (worn)
 T - a +0 plate armour (worn)
 W - a +0 pair of gloves (worn)
Jewellery
 i - a ring of see invisible
 s - an amulet of the acrobat (around neck)
 F - a ring of flight (left hand)
Wands
 b - a wand of acid (7)
 M - a wand of polymorph (9)
 P - a wand of charming (11)
 V - a wand of mindburst (11)
 X - a wand of iceblast (6)
Scrolls
 m - a scroll of fog
 q - 4 scrolls of teleportation
 t - 12 scrolls of identify
 u - 2 scrolls of amnesia
 v - 3 scrolls of acquirement
 x - a scroll of silence {unknown}
 B - a scroll of torment {unknown}
 C - 3 scrolls of fear {unknown}
 D - 2 scrolls of magic mapping {unknown}
 J - 2 scrolls of immolation {unknown}
 Q - 2 scrolls of enchant weapon
 S - a scroll of blinking {unknown}
Potions
 e - 4 potions of haste
 f - 5 potions of flight {unknown}
 g - 4 potions of brilliance {unknown}
 h - 4 potions of lignification {unknown}
 k - a potion of ambrosia {unknown}
 l - 4 potions of curing
 n - a potion of cancellation {unknown}
 w - a potion of degeneration {unknown}
 z - 2 potions of berserk rage {unknown}
 A - 5 potions of heal wounds {unknown}
 E - 2 potions of attraction {unknown}
 H - 4 potions of mutation {unknown}
 I - a potion of might {unknown}
 U - a potion of magic {unknown}


   Skills:
 + Level 12.0 Fighting
 - Level 14.0 Axes
 - Level 13.0 Armour
 - Level 2.4 Dodging
 - Level 1.5 Stealth


You had 11 spell levels left.
You didn't know any spells.
Your spell library contained the following spells:

 Spells                   Type           Power      Damage    Failure   Level
 Animate Skeleton         Necr           0%         N/A       99%         1
 Apportation              Tloc           0%         N/A       99%         1
 Corona                   Hex            0%         N/A       99%         1
 Foxfire                  Conj/Fire      0%         2x1d4     99%         1
 Shock                    Conj/Air       0%         1d3       99%         1
 Summon Small Mammal      Summ           0%         N/A       99%         1
 Conjure Flame            Conj/Fire      0%         6-21      100%        3
 Inner Flame              Hex/Fire       0%         N/A       100%        3
 Mephitic Cloud           Conj/Pois/Air  0%         N/A       100%        3
 Sticky Flame             Conj/Fire      0%         2d3       100%        4
 Fireball                 Conj/Fire      0%         3d3       100%        5


Dungeon Overview and Level Annotations

Branches:
Dungeon (12/15)            Temple (0/1) D:6            Lair (0/6) D:10
Ossuary (visited)
    Orc: D:9-12

Altars:
Ashenzari
Cheibriados
Dithmenos
Elyvilon
Gozag
Makhleb
Okawaru
Ru
Sif Muna
Trog
Wu Jian

Shops:
D:5 (   D:9 ?   D:11 *[?!

Annotations:
D:4 3 runed translucent doors, 1player's ghost, amateur OpTm


Message History

The eight-headed hydra closely misses you.
The eight-headed hydra completely misses you. x2
The eight-headed hydra bites you but does no damage.
The eight-headed hydra bites you! The eight-headed hydra bites you.
The eight-headed hydra bites you but does no damage.
The eight-headed hydra bites you.
The slime creature hits you but does no damage.
You fly upwards.
There is a stone staircase leading down here.
As you read the scroll of teleportation, it crumbles to dust.
You feel strangely unstable.
Bogric hits the slime creature with a +0 club!!!
The eight-headed hydra closely misses you.
The eight-headed hydra barely misses you.
The eight-headed hydra bites you!
* * * LOW HITPOINT WARNING * * *
The eight-headed hydra bites you but does no damage.
The eight-headed hydra closely misses you.
The eight-headed hydra bites you.
* * * LOW HITPOINT WARNING * * *
The eight-headed hydra bites you!
* * * LOW HITPOINT WARNING * * *
The eight-headed hydra bites you but does no damage.
The two-headed ogre hits you but does no damage.
The two-headed ogre hits you with a +0 giant club.
* * * LOW HITPOINT WARNING * * *
The slime creature hits you but does no damage.
You barely miss the eight-headed hydra.
The eight-headed hydra is almost dead.
Bogric barely misses the slime creature.
The eight-headed hydra bites you.
* * * LOW HITPOINT WARNING * * *
The eight-headed hydra bites you but does no damage. x3
The eight-headed hydra bites you.
* * * LOW HITPOINT WARNING * * *
The eight-headed hydra barely misses you.
The eight-headed hydra bites you.
* * * LOW HITPOINT WARNING * * *
The eight-headed hydra bites you!
You die...

.##......)........## ##........
##.................# #........#
#................########...≈..#
##...............#.##...#..≈≈≈.#
##..............<#......#.o§.##
##........≈....#...........##
###.....≈≈≈.........##...##
#.....#≈.oJD>......#..##
###..#...J@O#..#..#.###
###################


You could see an eight-headed hydra, a very large slime creature, a slime
creature (ally target), a two-headed ogre and the friendly Bogric the orc knight
(strong).

Vanquished Creatures
  A two-headed ogre (D:10)
  Sonja (D:10)
  Pikel (D:6)
  A troll (D:10)
  A hornet (D:7)
  2 slime creatures (D:6)
  A ynoxinul (D:10)
  2 wraiths
  A shadow (D:11)
  A wyvern (D:9)
  6 yaks
  4 vampire mosquitoes (D:9)
  A steam dragon (D:6)
  3 wargs (D:10)
  An acid dragon (D:9)
  Duvessa (D:6)
  A hornet zombie (D:5)
  2 sky beasts (D:7)
  A black bear (D:8)
  2 ogres
  2 orc warriors (D:8)
  2 centaurs
  A necrophage (D:8)
  6 kobold brigands
  A phantom (D:5)
  4 bullfrogs
  A scorpion (D:5)
  Dowan (D:6)
  2 gnoll sergeants
  A water moccasin zombie (D:5)
  10 killer bees
  13 wights (D:6)
  An electric eel (D:10)
  2 bullfrog zombies (D:6)
  6 centaur zombies
  2 iron imps (D:11)
  9 jellies
  5 orc priests
  4 hounds
  Crazy Yiuf (D:6)
  A bullfrog skeleton (D:6)
  A centaur skeleton (D:5)
  Jessica (D:2)
  6 iguanas
  7 orc wizards
  3 scorpion zombies
  3 ogre zombies (Ossuary)
  2 hound zombies (D:4)
  3 hound skeletons (D:4)
  7 mummies (Ossuary)
  2 howler monkey zombies
  11 gnolls
  A howler monkey skeleton (D:4)
  3 adders
  A white imp (D:7)
  An ufetubus (D:5)
  9 adder zombies
  An adder skeleton (D:4)
  2 worms (D:5)
  9 orcs
  4 endoplasms
  3 giant cockroaches
  9 goblins
  4 hobgoblins
  5 jackals
  2 quokkas
  9 ball pythons
  5 bats
  2 frilled lizards (D:1)
  A gnoll zombie (Ossuary)
  A goblin zombie (Ossuary)
  4 hobgoblin zombies (Ossuary)
  A jackal zombie (D:4)
  13 kobolds
  4 kobold zombies (Ossuary)
  5 quokka zombies
  6 rats
  4 rat zombies (Ossuary)
264 creatures vanquished.

Vanquished Creatures (collateral kills)
  3 two-headed ogres
  A centaur zombie (D:11)
  A cyclops (D:11)
  Joseph (D:10)
  A gargoyle (D:11)
  A wraith (D:11)
  A yak (D:9)
  An acid dragon (D:10)
  An orc warrior (D:9)
  5 killer bees
  An electric eel (D:10)
  A howler monkey (D:11)
  A hound (D:4)
  An iron imp (D:11)
  4 orc wizards
  A gnoll (D:4)
  2 orcs
27 creatures vanquished.

Vanquished Creatures (others)
  An orc knight (D:12)
  2 orc warriors (D:10)
  2 orc priests (D:10)
  A killer bee (D:10)
  3 orc wizards
  10 orcs
  5 fungi (D:6)
  6 toadstools (D:6)
  4 withered plants (D:4)
34 creatures vanquished.

Grand Total: 325 creatures vanquished

Notes
Turn   | Place    | Note
-------+----------+-------------------------------------------
     0 | D:1      | Alarak the Hill Orc Monk began the quest for the Orb.
     0 | D:1      | Reached XP level 1. HP: 19/19 MP: 1/1
   300 | D:1      | Reached XP level 2. HP: 8/27 MP: 2/2
   593 | D:1      | Found a faded altar of an unknown god.
  1192 | D:1      | Reached XP level 3. HP: 35/35 MP: 3/3
  1265 | D:1      | Reached skill level 5 in Fighting
  2119 | D:3      | Noticed Jessica
  2285 | D:2      | Killed Jessica
  2286 | D:2      | Reached XP level 4. HP: 24/42 MP: 4/4
  2664 | D:3      | Found a white marble altar of Elyvilon.
  3003 | D:4      | Found the +12 glaive of Prune {vorpal}
  3047 | D:4      | Reached XP level 5. HP: 45/48 MP: 5/5
  3081 | D:4      | Reached skill level 5 in Armour
  3081 | D:4      | Reached XP level 6. HP: 46/56 MP: 6/6
  3514 | D:4      | Found an iron altar of Okawaru.
  3559 | D:4      | Found a runed translucent gate.
  3559 | D:4      | Found a runed translucent gate.
  3559 | D:4      | Found a runed translucent gate.
  3782 | D:4      | Reached XP level 7. HP: 66/66 MP: 7/7
  3970 | D:4      | Noticed 1player's ghost (amateur OpTm)
  4005 | D:5      | Entered Level 5 of the Dungeon
  4005 | D:5      | Found Inusix's Antique Weapon Shoppe.
  4267 | D:5      | Found a sand-covered staircase.
  4273 | Ossuary  | Entered an ossuary
  4519 | Ossuary  | Reached XP level 8. HP: 75/78 MP: 8/8
  4740 | D:5      | Reached skill level 10 in Fighting
  5096 | D:5      | Noticed a yak
  5115 | D:5      | Killed a yak
  5144 | D:5      | Noticed a wraith
  5152 | D:5      | Killed a wraith
  5570 | D:5      | Found a snail-covered altar of Cheibriados.
  5696 | D:6      | Reached XP level 9. HP: 73/90 MP: 9/9
  5829 | D:6      | Noticed Pikel
  5837 | D:6      | Killed Pikel
  5866 | D:6      | Found a staircase to the Ecumenical Temple.
  5868 | D:6      | Became a worshipper of Beogh the Brigand
  5868 | D:6      | Reached * piety under Beogh
  5868 | D:6      | Reached ** piety under Beogh
  6436 | D:6      | Noticed Duvessa
  6442 | D:6      | Killed Duvessa
  6460 | D:6      | Noticed Dowan
  6464 | D:6      | Killed Dowan
  6835 | D:6      | Found a runed translucent door.
  6836 | D:6      | Noticed Crazy Yiuf
  7017 | D:6      | Reached skill level 10 in Armour
  7039 | D:6      | Reached XP level 10. HP: 97/97 MP: 10/10
  7382 | D:6      | Reached *** piety under Beogh
  7681 | D:6      | Killed Crazy Yiuf
  7845 | D:7      | Found an opulent altar of Gozag.
  7973 | D:7      | Found a sacrificial altar of Ru.
  7976 | D:7      | Found an ornate altar of the Wu Jian Council.
  7980 | D:7      | Found a shadowy altar of Dithmenos.
  9907 | D:8      | Found a burning altar of Makhleb.
 10409 | D:9      | Reached skill level 5 in Axes
 10418 | D:9      | Reached skill level 6 in Axes
 10421 | D:9      | Reached skill level 7 in Axes
 10421 | D:9      | Reached XP level 11. HP: 74/104 MP: 11/11
 10431 | D:9      | Reached skill level 8 in Axes
 10588 | D:9      | Gained Worak as an ally
 10596 | D:9      | Reached **** piety under Beogh
 11085 | D:9      | Found a broken altar of Ashenzari.
 11368 | D:9      | Found Heczehe's Magic Scroll Shoppe.
 11517 | D:9      | Gained Nordag as an ally
 11557 | D:9      | Identified the +2 robe of Daudoomm {Harm rPois rF- Str+7}
 11877 | D:10     | Entered Level 10 of the Dungeon
 11927 | D:10     | Reached skill level 9 in Axes
 11928 | D:10     | Your ally Worak died
 11930 | D:10     | Your ally Nordag died
 12208 | D:10     | Found a staircase to the Lair.
 12209 | D:10     | Noticed a two-headed ogre
 12220 | D:10     | Killed a two-headed ogre
 12221 | D:10     | Reached skill level 10 in Axes
 12600 | D:10     | Noticed a two-headed ogre
 12605 | D:10     | Killed a two-headed ogre
 12609 | D:10     | Reached skill level 11 in Axes
 12904 | D:10     | Noticed Joseph
 12913 | D:10     | Killed Joseph
 13203 | D:10     | Noticed Sonja
 13206 | D:10     | Killed Sonja
 13207 | D:10     | Reached skill level 12 in Axes
 13248 | D:10     | Found a bloodstained altar of Trog.
 13476 | D:10     | Found a shimmering blue altar of Sif Muna.
 13479 | D:10     | Identified Sif Muna's Compendium of Envenoming and the
                  | Birds
 13889 | D:10     | Identified 3 scrolls of acquirement
 13910 | D:10     | Upgraded the game from 0.27-a0-1084-g78b3836a5f to
                  | 0.27-a0-1116-g91b3acb402
 14055 | D:11     | Noticed a two-headed ogre
 14059 | D:11     | Killed a two-headed ogre
 14060 | D:11     | Reached skill level 13 in Axes
 14061 | D:11     | Gained Bogric as an ally
 14068 | D:11     | Noticed a two-headed ogre
 14073 | D:11     | Killed a two-headed ogre
 14084 | D:11     | Found Rovaob's Assorted Antiques.
 14108 | D:11     | Noticed a cyclops
 14114 | D:11     | Killed a cyclops
 14217 | D:11     | Found Umuem's Armour Shop.
 14321 | D:11     | Found Nisk's Distillery.
 14329 | D:11     | Found Fotwonocw's Magic Scroll Boutique.
 14412 | D:11     | Found a burning altar of Makhleb.
 14426 | D:11     | Reached XP level 12. HP: 112/112 MP: 12/12
 14581 | D:11     | Reached skill level 14 in Axes
 14620 | D:12     | Noticed an eight-headed hydra
 14620 | D:12     | Noticed a two-headed ogre
 14632 | D:11     | Slain by an eight-headed hydra

Illustrated notes

Levels and vault maps discovered:
D:1:      nzn_arrival_water_spiral, layout_basic,
          hellmonk_ecumenical_altar_leap_of_faith,
          minmay_misc_feat_secret_circle
D:2:      layout_rooms, serial_aquarium, aquarium_bridge_square
          [aquarium_subvault_wall, aquarium_subvault_window,
          aquarium_subvault_bridge, aquarium_subvault_bridge],
          aquarium_window_fake, aquarium_window_1, aquarium_view_2d,
          aquarium_view_2a, aquarium_pool_split
D:3:      layout_rooms, elyvilon_altar_3, uniq_jessica
D:4:      layout_basic, kennysheep_mini_moat, gammafunk_ghost_necromancy,
          serial_undead, serial_undead_a, serial_undead_b, serial_undead_b,
          serial_undead_f, serial_undead_f, serial_undead_e, serial_undead_a,
          serial_undead_a, serial_undead_f, serial_undead_b
D:5:      layout_basic, slow_altar_2, serial_glass, glass_columns_c,
          glass_columns_a, serial_shops, shop, nicolae_ossuary_entry_plus,
          chequers_serial_rivers_room_a, minmay_misc_feat_square, st_stairs_9,
          minmay_manual_monstrance
D:6:      cheibrodos_fertilizer, layout_loops_corners,
          minmay_temple_entry_mini_moons, uniq_crazy_yiuf_cottage, uniq_pikel,
          uniq_duvessa
D:7:      layout_rooms, grunt_temple_overflow_diamond,
          overflow_temple_1_default, st_stairs_7
D:8:      layout_loops_ring, lemuel_round_altar, grunt_ministairs_9
D:9:      layout_basic, overflow_temple_1_default, serial_shops, shop
D:10:     layout_basic, nzn_overflow_gifts_of_might_and_magic,
          erik_lair_orcish_takeover, uniq_sonja, uniq_joseph
D:11:     layout_big_octagon, serial_shops, nicolae_shop_trees,
          nicolae_shop_trees, nicolae_shop_temple_entry_statues_fountains, shop,
          hangedman_decor_lopped, demons_altar
D:12:     layout_rooms, hiddenorc2_lemuel

Skill      XL: |  1  2  3  4  5  6  7  8  9 10 11 12 |
---------------+-------------------------------------+-----
Fighting       | 4 5 7 9 12 | 12.0
Armour         | 2 3 5 10 13 | 13.0
Axes           | 7 13 14 | 14.0
Dodging        | |  2.4
Stealth        | |  1.5

Action                   |  1- 3 |  4- 6 |  7- 9 | 10-12 || total
-------------------------+-------+-------+-------+-------++-------
Melee: Hand axe          |   103 |       |       |       ||   103
       Short sword       |    20 |       |       |       ||    20
       Dagger            |       |    27 |       |       ||    27
       Glaive            |       |    54 |   227 |   258 ||   539
       Quarterstaff      |       |       |       |     4 ||     4
Invok: Convert to Beogh  |       |       |     1 |       ||     1
       Recall Orcish Fol |       |       |       |     9 ||     9
  Use: Scroll            |     2 |     3 |       |     6 ||    11
 Stab: Sleeping          |     2 |       |       |       ||     2
       Distracted        |       |       |       |     1 ||     1
Armor: Robe              |    13 |       |       |       ||    13
       Ring mail         |    20 |       |       |       ||    20
       Scale mail        |    19 |    49 |    75 |       ||   143
       Chain mail        |       |       |    21 |    71 ||    92
       Plate armour      |       |       |       |   151 ||   151
Dodge: Dodged            |    79 |    62 |   104 |   146 ||   391
Block: Kite shield       |    10 |     6 |       |       ||    16

Table legend: (Time is in decaauts)
 A = Elapsed time spent in this place.
 B = Non-inter-level travel time spent in this place.
 C = Inter-level travel time spent in this place.
 D = Time resting spent in this place.
 E = Time spent auto-exploring this place.
 F = Levels seen in this place.
 G = Mean time per level.
                   A        B        C        D        E       F      G
               +--------+--------+--------+--------+--------+-----+--------+
         Total |  14968 |  14253 |    715 |   4727 |   7519 |  13 | 1151.4 |
       Dungeon |  14530 |  13815 |    715 |   4724 |   7253 |  12 | 1210.8 |
       Ossuary |    437 |    437 |      0 |      3 |    266 |   1 |  437.0 |
               +--------+--------+--------+--------+--------+-----+--------+

Top non-repeatable levels by time:
     D:6: 2186 daAuts
    D:10: 2083 daAuts
     D:9: 1611 daAuts
     D:8: 1475 daAuts
     D:1: 1441 daAuts
     D:5: 1280 daAuts
     D:4: 1188 daAuts
     D:7: 1109 daAuts
     D:2: 944 daAuts
    D:11: 704 daAuts
     D:3: 495 daAuts
 Ossuary: 437 daAuts
    D:12: 8 daAuts
